[ AOE2 MATCH · #481879907 ]
UnrankedTurks vs Saracens
[ REPLAY ANALYSIS · EXTRACTED FROM THE RECORDED GAME ]
Feudal
14:07
Castle
30:09
Imperial
—
| APM avg | 12.9 |
| APM peak | 37 |
| eAPM avg | 7.4 |
| Villagers / military | 59 / 17 |
Focus
⚔️ 17.2% · 🌾 82.8%
Spearman ×12 · Archer ×3 · Skirmisher ×2
Feudal
10:56
Castle
25:01
Imperial
—
| APM avg | 26.9 |
| APM peak | 65 |
| eAPM avg | 16.0 |
| Villagers / military | 78 / 27 |
Focus
⚔️ 23.0% · 🌾 77.0%
Camel Archer ×16 · Mangonel ×7 · Monk ×3 · Battering Ram ×1
Feudal
10:15
Castle
17:59
Imperial
—
| APM avg | 44.1 |
| APM peak | 95 |
| eAPM avg | 14.9 |
| Villagers / military | 97 / 11 |
Focus
⚔️ 20.2% · 🌾 79.8%
Mameluke ×6 · Camel Scout ×3 · Fishing Ship ×2 · Monk ×1 · Battering Ram ×1
Feudal
9:53
Castle
24:04
Imperial
—
| APM avg | 41.2 |
| APM peak | 90 |
| eAPM avg | 12.7 |
| Villagers / military | 59 / 36 |
Focus
⚔️ 32.7% · 🌾 67.3%
Militia ×18 · Knight ×6 · Spearman ×6 · Monk ×2 · Mangonel ×1 · Scorpion ×1
Match map
Initial resources + every placement click. Lines = walls · curves = elevation contours. ◆ gold · ⬟ stone · ● berries · ✦ relic · ◌ wall gap
Your base· ✓ Map-separated
富裕心's base· ✓ Map-separated
Xquis's base· ✓ Map-separated
Omer->'s base· ✓ Map-separated
Smoothed initial terrain · ◌ = detected wall gap · hover for details
Inputs per minute
— FOXY_KING49 - - 富裕心
Build order — FOXY_KING49
136 actions detected in the replay
| 0:34 | Create | Villager (Male) |
| 0:35 | Research | Loom |
| 0:35 | Create | Villager (Male) |
| 0:35 | Create | Villager (Male) |
| 0:36 | Create | Villager (Male) |
| 0:36 | Create | Villager (Male) |
| 1:07 | Build | House |
| 1:08 | Build | House |
| 1:17 | Build | Mill |
| 1:43 | Create | Villager (Male) |
| 1:43 | Create | Villager (Male) |
| 2:14 | Create | Villager (Male) |
| 3:07 | Create | Villager (Male) |
| 3:08 | Create | Villager (Male) |
| 3:49 | Create | Villager (Male) |
| 4:21 | Create | Villager (Male) |
| 4:22 | Create | Villager (Male) |
| 4:22 | Create | Villager (Male) |
| 4:42 | Create | Villager (Male) |
| 5:12 | Create | Villager (Male) |
| 5:31 | Build | House |
| 5:35 | Build | House |
| 5:37 | Build | House |
| 5:41 | Create | Villager (Male) |
| 6:22 | Create | Villager (Male) |
| 6:45 | Create | Villager (Male) |
| 7:02 | Build | House |
| 7:03 | Build | House |
| 7:21 | Create | Villager (Male) |
| 7:44 | Create | Villager (Male) |
| 7:57 | Build | Lumber Camp |
| 8:02 | Create | Villager (Male) |
| 8:21 | Build | House |
| 8:22 | Build | House |
| 8:35 | Create | Villager (Male) |
| 8:55 | Build | Farm |
| 9:07 | Create | Villager (Male) |
| 9:08 | Create | Villager (Male) |
| 9:39 | Build | House |
| 9:40 | Build | House |
| 9:41 | Build | House |
| 10:08 | Build | Mining Camp |
| 10:14 | Create | Villager (Male) |
| 10:38 | Build | Farm |
| 10:50 | Create | Villager (Male) |
| 11:17 | Build | Farm |
| 11:22 | Create | Villager (Male) |
| 11:23 | Research | Feudal Age |
| 11:29 | Build | House |
| 11:49 | Create | Villager (Male) |
| 12:11 | Build | Barracks |
| 12:16 | Create | Villager (Male) |
| 12:16 | Create | Villager (Male) |
| 12:17 | Create | Villager (Male) |
| 12:45 | Build | Farm |
| 13:56 | Create | Villager (Male) |
| 13:57 | Create | Villager (Male) |
| 13:57 | Create | Villager (Male) |
| 13:57 | Create | Villager (Male) |
| 14:07 | Age | Feudal Age |
| 14:12 | Build | Stone Wall |
| 14:23 | Build | Stone Wall |
| 14:26 | Create | Spearman |
| 14:26 | Create | Spearman |
| 14:27 | Create | Spearman |
| 14:27 | Create | Spearman |
| 14:41 | Build | Stone Wall |
| 14:51 | Create | Spearman |
| 14:51 | Create | Spearman |
| 15:03 | Build | Gate |
| 15:11 | Create | Villager (Male) |
| 15:18 | Build | Stone Wall |
| 15:50 | Build | Stone Wall |
| 16:11 | Build | Archery Range |
| 16:22 | Build | Stone Wall |
| 17:23 | Create | Archer |
| 17:24 | Create | Archer |
| 17:24 | Create | Archer |
| 17:35 | Build | Stone Wall |
| 17:52 | Build | Stone Wall |
| 18:28 | Build | Stone Wall |
| 18:37 | Create | Villager (Male) |
| 18:37 | Create | Villager (Male) |
| 18:38 | Create | Villager (Male) |
| 18:38 | Create | Villager (Male) |
| 18:44 | Build | Farm |
| 18:45 | Build | Farm |
| 18:46 | Build | Farm |
| 18:47 | Build | Farm |
| 18:49 | Build | Farm |
| 18:51 | Build | Farm |
| 18:53 | Build | Farm |
| 19:40 | Build | Stone Wall |
| 19:57 | Build | Farm |
| 20:43 | Create | Skirmisher |
| 20:43 | Create | Skirmisher |
| 21:08 | Create | Spearman |
| 21:08 | Create | Spearman |
| 21:08 | Create | Spearman |
| 21:35 | Create | Villager (Male) |
| 21:35 | Create | Villager (Male) |
| 22:07 | Build | Mining Camp |
| 22:54 | Build | Mining Camp |
| 23:16 | Build | Lumber Camp |
| 24:27 | Build | Mining Camp |
| 24:29 | Create | Villager (Male) |
| 24:30 | Create | Villager (Male) |
| 24:30 | Create | Villager (Male) |
| 24:43 | Build | Farm |
| 25:00 | Build | Farm |
| 25:03 | Create | Villager (Male) |
| 25:07 | Build | Farm |
| 25:12 | Build | Farm |
| 25:15 | Create | Villager (Male) |
| 25:22 | Research | Gold Mining |
| 25:50 | Create | Villager (Male) |
| 26:13 | Build | Archery Range |
| 26:44 | Build | Blacksmith |
| 27:04 | Create | Villager (Male) |
| 27:23 | Research | Stone Mining |
| 27:26 | Research | Castle Age |
| 27:54 | Create | Spearman |
| 27:55 | Create | Spearman |
| 27:55 | Create | Spearman |
| 28:10 | Create | Villager (Male) |
| 28:11 | Create | Villager (Male) |
| 28:11 | Create | Villager (Male) |
| 28:11 | Create | Villager (Male) |
| 28:13 | Create | Villager (Male) |
| 30:09 | Age | Castle Age |
| 33:40 | Build | Castle |
| 33:44 | Create | Villager (Male) |
| 33:44 | Create | Villager (Male) |
| 33:44 | Create | Villager (Male) |
| 33:45 | Create | Villager (Male) |
| 34:00 | Build | Town Center |
Build order — 富裕心
First 150 of 204 actions detected
| 0:01 | Create | Villager (Male) |
| 0:01 | Create | Villager (Male) |
| 0:02 | Create | Villager (Male) |
| 0:02 | Create | Villager (Male) |
| 0:04 | Build | House |
| 0:05 | Build | House |
| 0:45 | Create | Villager (Male) |
| 0:47 | Create | Villager (Male) |
| 1:50 | Create | Villager (Male) |
| 2:52 | Create | Villager (Male) |
| 3:01 | Create | Villager (Male) |
| 3:23 | Create | Villager (Male) |
| 3:54 | Build | House |
| 4:03 | Create | Villager (Male) |
| 4:14 | Build | Mill |
| 4:29 | Create | Villager (Male) |
| 4:30 | Create | Villager (Male) |
| 5:02 | Create | Villager (Male) |
| 5:06 | Create | Villager (Male) |
| 5:12 | Build | House |
| 5:27 | Create | Villager (Male) |
| 5:35 | Build | Lumber Camp |
| 6:11 | Create | Villager (Male) |
| 6:41 | Create | Villager (Male) |
| 6:44 | Research | Loom |
| 6:45 | Create | Villager (Male) |
| 7:06 | Build | Mining Camp |
| 7:24 | Create | Villager (Male) |
| 7:54 | Build | Mining Camp |
| 8:39 | Research | Feudal Age |
| 8:40 | Research | Feudal Age |
| 9:10 | Build | Farm |
| 9:12 | Build | Farm |
| 9:35 | Build | Palisade Wall |
| 9:37 | Build | Palisade Wall |
| 9:47 | Build | House |
| 9:53 | Build | Palisade Wall |
| 10:00 | Build | House |
| 10:05 | Build | Palisade Wall |
| 10:16 | Build | House |
| 10:24 | Build | Palisade Wall |
| 10:31 | Build | House |
| 10:37 | Create | Villager (Male) |
| 10:38 | Create | Villager (Male) |
| 10:45 | Build | Farm |
| 10:45 | Build | Farm |
| 10:46 | Build | Farm |
| 10:56 | Age | Feudal Age |
| 11:07 | Build | Farm |
| 11:31 | Build | Watch Tower |
| 11:39 | Create | Villager (Male) |
| 11:58 | Build | Farm |
| 12:06 | Build | Palisade Wall |
| 12:30 | Create | Villager (Male) |
| 12:31 | Create | Villager (Male) |
| 12:36 | Build | House |
| 12:57 | Build | Palisade Wall |
| 13:08 | Build | Palisade Wall |
| 13:11 | Build | Palisade Wall |
| 13:16 | Build | Palisade Wall |
| 13:22 | Create | Villager (Male) |
| 13:22 | Create | Villager (Male) |
| 13:27 | Build | Farm |
| 13:34 | Build | Farm |
| 14:01 | Create | Villager (Male) |
| 14:33 | Build | House |
| 14:43 | Build | House |
| 15:00 | Create | Villager (Male) |
| 15:00 | Create | Villager (Male) |
| 15:04 | Research | Double-Bit Axe |
| 15:09 | Build | Barracks |
| 15:25 | Build | House |
| 15:25 | Build | House |
| 15:31 | Build | Palisade Gate |
| 15:43 | Build | Palisade Gate |
| 17:34 | Build | Watch Tower |
| 17:47 | Build | Palisade Wall |
| 19:07 | Build | Palisade Wall |
| 19:25 | Build | House |
| 19:26 | Build | House |
| 19:27 | Build | House |
| 19:51 | Create | Villager (Male) |
| 19:51 | Create | Villager (Male) |
| 19:52 | Create | Villager (Male) |
| 19:52 | Create | Villager (Male) |
| 19:53 | Create | Villager (Male) |
| 20:10 | Build | Palisade Wall |
| 20:12 | Build | Palisade Wall |
| 20:24 | Create | Villager (Male) |
| 20:52 | Build | Market |
| 21:13 | Build | Blacksmith |
| 21:37 | Create | Villager (Male) |
| 21:38 | Create | Villager (Male) |
| 21:56 | Research | Castle Age |
| 21:56 | Research | Castle Age |
| 22:07 | Build | Archery Range |
| 22:15 | Build | Farm |
| 23:22 | Build | Farm |
| 23:29 | Build | Farm |
| 24:20 | Build | Palisade Wall |
| 24:28 | Create | Villager (Male) |
| 24:28 | Create | Villager (Male) |
| 24:30 | Create | Villager (Male) |
| 24:30 | Create | Villager (Male) |
| 24:53 | Research | Fletching |
| 24:58 | Research | Padded Archer Armor |
| 25:01 | Age | Castle Age |
| 25:03 | Build | Castle |
| 25:10 | Create | Villager (Male) |
| 25:10 | Create | Villager (Male) |
| 25:18 | Build | Palisade Wall |
| 25:20 | Build | Palisade Wall |
| 25:27 | Build | Stone Wall |
| 25:40 | Create | Villager (Male) |
| 25:47 | Build | Siege Workshop |
| 26:02 | Build | Town Center |
| 26:19 | Create | Camel Archer |
| 26:19 | Create | Camel Archer |
| 26:20 | Create | Camel Archer |
| 26:20 | Create | Camel Archer |
| 26:20 | Create | Camel Archer |
| 26:21 | Create | Camel Archer |
| 26:21 | Create | Camel Archer |
| 26:22 | Create | Camel Archer |
| 26:22 | Create | Camel Archer |
| 26:26 | Research | Bodkin Arrow |
| 26:34 | Research | Bow Saw |
| 26:40 | Create | Villager (Male) |
| 27:20 | Build | Palisade Wall |
| 27:31 | Create | Battering Ram |
| 27:45 | Create | Mangonel |
| 27:46 | Create | Mangonel |
| 27:56 | Create | Villager (Male) |
| 27:56 | Create | Villager (Male) |
| 27:57 | Create | Villager (Male) |
| 27:57 | Create | Villager (Male) |
| 27:58 | Create | Villager (Male) |
| 28:49 | Create | Villager (Male) |
| 28:49 | Create | Villager (Male) |
| 28:49 | Create | Villager (Male) |
| 28:50 | Create | Villager (Male) |
| 28:50 | Create | Villager (Male) |
| 28:53 | Build | Stone Wall |
| 29:17 | Create | Villager (Male) |
| 29:17 | Create | Villager (Male) |
| 29:35 | Create | Villager (Male) |
| 29:35 | Create | Villager (Male) |
| 29:46 | Build | Stone Wall |
| 29:49 | Build | Stone Wall |
| 29:59 | Create | Villager (Male) |
Build order — Xquis
First 150 of 208 actions detected
| 0:02 | Create | Villager (Male) |
| 0:02 | Create | Villager (Male) |
| 0:02 | Create | Villager (Male) |
| 0:03 | Build | House |
| 0:05 | Build | House |
| 0:08 | Create | Villager (Male) |
| 0:13 | Create | Villager (Male) |
| 0:13 | Create | Villager (Male) |
| 0:13 | Create | Villager (Male) |
| 1:32 | Create | Villager (Male) |
| 1:32 | Create | Villager (Male) |
| 1:32 | Create | Villager (Male) |
| 1:32 | Create | Villager (Male) |
| 2:10 | Create | Villager (Male) |
| 2:10 | Create | Villager (Male) |
| 2:10 | Create | Villager (Male) |
| 2:11 | Create | Villager (Male) |
| 2:19 | Create | Villager (Male) |
| 2:19 | Create | Villager (Male) |
| 2:19 | Create | Villager (Male) |
| 2:20 | Create | Villager (Male) |
| 2:56 | Create | Villager (Male) |
| 2:57 | Create | Villager (Male) |
| 2:57 | Create | Villager (Male) |
| 2:57 | Create | Villager (Male) |
| 3:15 | Build | Lumber Camp |
| 3:32 | Create | Villager (Male) |
| 3:32 | Create | Villager (Male) |
| 3:32 | Create | Villager (Male) |
| 4:00 | Create | Villager (Male) |
| 4:00 | Create | Villager (Male) |
| 4:00 | Create | Villager (Male) |
| 4:12 | Create | Villager (Male) |
| 4:21 | Research | Loom |
| 4:21 | Research | Loom |
| 4:28 | Build | House |
| 4:40 | Create | Villager (Male) |
| 4:40 | Create | Villager (Male) |
| 4:40 | Create | Villager (Male) |
| 4:40 | Create | Villager (Male) |
| 4:41 | Create | Villager (Male) |
| 5:53 | Create | Villager (Male) |
| 5:53 | Create | Villager (Male) |
| 6:00 | Build | Mill |
| 6:04 | Create | Villager (Male) |
| 6:05 | Create | Villager (Male) |
| 6:49 | Build | House |
| 7:39 | Build | Farm |
| 8:05 | Research | Feudal Age |
| 8:05 | Research | Feudal Age |
| 8:05 | Research | Feudal Age |
| 8:24 | Build | Farm |
| 8:39 | Create | Villager (Male) |
| 8:39 | Create | Villager (Male) |
| 9:52 | Build | Barracks |
| 9:57 | Create | Villager (Male) |
| 10:15 | Age | Feudal Age |
| 10:18 | Create | Villager (Male) |
| 10:18 | Create | Villager (Male) |
| 10:22 | Research | Double-Bit Axe |
| 10:50 | Build | Farm |
| 11:09 | Build | Mining Camp |
| 11:48 | Build | Farm |
| 12:07 | Build | House |
| 12:35 | Build | Farm |
| 12:51 | Create | Villager (Male) |
| 12:51 | Create | Villager (Male) |
| 13:30 | Build | Market |
| 14:05 | Create | Villager (Male) |
| 14:05 | Create | Villager (Male) |
| 14:24 | Build | Stable |
| 14:36 | Build | Farm |
| 15:16 | Build | Farm |
| 15:19 | Research | Castle Age |
| 15:20 | Research | Castle Age |
| 15:32 | Research | Bloodlines |
| 15:43 | Build | Farm |
| 16:05 | Create | Villager (Male) |
| 16:31 | Build | House |
| 16:51 | Build | Mining Camp |
| 16:57 | Build | Mining Camp |
| 17:12 | Build | Palisade Wall |
| 17:19 | Build | Palisade Wall |
| 17:44 | Create | Villager (Male) |
| 17:47 | Research | Horse Collar |
| 17:48 | Research | Horse Collar |
| 17:48 | Research | Horse Collar |
| 17:59 | Age | Castle Age |
| 18:05 | Build | Dock |
| 18:10 | Create | Villager (Male) |
| 18:31 | Build | Palisade Gate |
| 18:38 | Build | Blacksmith |
| 18:40 | Build | Palisade Wall |
| 19:12 | Research | Husbandry |
| 19:12 | Research | Husbandry |
| 19:19 | Create | Villager (Male) |
| 19:19 | Create | Villager (Male) |
| 19:20 | Create | Villager (Male) |
| 19:38 | Build | Town Center |
| 20:01 | Create | Villager (Male) |
| 20:01 | Create | Villager (Male) |
| 20:15 | Build | Town Center |
| 20:30 | Create | Villager (Male) |
| 20:35 | Research | Town Watch |
| 20:35 | Research | Town Watch |
| 20:43 | Research | Fletching |
| 20:47 | Research | Forging |
| 20:52 | Create | Camel Scout |
| 21:05 | Build | House |
| 21:07 | Build | House |
| 21:30 | Create | Villager (Male) |
| 21:30 | Create | Villager (Male) |
| 21:34 | Research | Wheelbarrow |
| 21:46 | Create | Villager (Male) |
| 22:33 | Build | Castle |
| 22:39 | Create | Villager (Male) |
| 22:39 | Create | Villager (Male) |
| 22:41 | Create | Villager (Male) |
| 22:41 | Create | Villager (Male) |
| 22:48 | Create | Camel Scout |
| 22:49 | Create | Camel Scout |
| 22:54 | Research | Fletching |
| 22:54 | Research | Fletching |
| 22:55 | Research | Scale Barding Armor |
| 22:55 | Research | Scale Barding Armor |
| 23:17 | Create | Villager (Male) |
| 23:17 | Create | Villager (Male) |
| 23:29 | Build | Farm |
| 23:39 | Build | Palisade Gate |
| 23:41 | Build | Palisade Wall |
| 24:20 | Build | House |
| 24:31 | Build | Farm |
| 24:33 | Build | Farm |
| 24:37 | Research | Horse Collar |
| 24:37 | Create | Villager (Male) |
| 24:37 | Create | Villager (Male) |
| 24:37 | Create | Villager (Male) |
| 24:38 | Create | Villager (Male) |
| 24:38 | Create | Villager (Male) |
| 25:16 | Create | Mameluke |
| 25:17 | Create | Mameluke |
| 25:20 | Build | House |
| 25:27 | Build | Siege Workshop |
| 25:35 | Create | Villager (Male) |
| 25:35 | Create | Villager (Male) |
| 25:39 | Create | Villager (Male) |
| 25:44 | Build | Farm |
| 25:49 | Create | Villager (Male) |
| 26:24 | Build | Monastery |
| 26:30 | Create | Mameluke |
Build order — Omer->
First 150 of 166 actions detected
| 0:01 | Create | Villager (Male) |
| 0:01 | Create | Villager (Male) |
| 0:02 | Create | Villager (Male) |
| 0:02 | Create | Villager (Male) |
| 0:02 | Create | Villager (Male) |
| 0:04 | Build | House |
| 0:07 | Build | House |
| 1:09 | Create | Villager (Male) |
| 1:42 | Create | Villager (Male) |
| 2:20 | Create | Villager (Male) |
| 2:35 | Build | House |
| 3:02 | Build | Lumber Camp |
| 3:19 | Create | Villager (Male) |
| 3:53 | Create | Villager (Male) |
| 4:05 | Create | Villager (Male) |
| 4:51 | Create | Villager (Male) |
| 4:54 | Create | Villager (Male) |
| 5:33 | Build | Mill |
| 6:06 | Create | Villager (Male) |
| 6:25 | Create | Villager (Male) |
| 7:01 | Research | Feudal Age |
| 7:18 | Research | Loom |
| 7:19 | Research | Feudal Age |
| 7:28 | Build | Mining Camp |
| 8:32 | Build | Farm |
| 8:32 | Build | Farm |
| 8:33 | Build | Farm |
| 8:33 | Build | Farm |
| 8:41 | Build | Palisade Wall |
| 8:50 | Build | House |
| 9:01 | Build | House |
| 9:04 | Build | Palisade Wall |
| 9:08 | Create | Villager (Male) |
| 9:35 | Build | Palisade Wall |
| 9:41 | Build | Palisade Wall |
| 9:51 | Build | Palisade Gate |
| 9:53 | Age | Feudal Age |
| 9:56 | Build | Palisade Wall |
| 10:20 | Create | Villager (Male) |
| 10:21 | Create | Villager (Male) |
| 10:36 | Build | Barracks |
| 10:42 | Create | Villager (Male) |
| 11:00 | Build | Farm |
| 11:31 | Create | Militia |
| 12:13 | Create | Militia |
| 12:20 | Create | Militia |
| 12:31 | Build | Barracks |
| 12:34 | Create | Militia |
| 12:37 | Create | Villager (Male) |
| 12:42 | Create | Villager (Male) |
| 12:44 | Create | Villager (Male) |
| 12:57 | Create | Militia |
| 13:03 | Create | Villager (Male) |
| 13:08 | Build | House |
| 13:09 | Build | House |
| 13:11 | Build | House |
| 13:15 | Build | Farm |
| 13:19 | Research | Man-at-Arms (upgrade) |
| 13:22 | Create | Militia |
| 13:24 | Create | Militia |
| 13:27 | Create | Militia |
| 14:30 | Create | Militia |
| 14:32 | Create | Militia |
| 14:45 | Research | Arson |
| 14:47 | Create | Militia |
| 14:48 | Create | Militia |
| 14:50 | Create | Militia |
| 14:59 | Create | Militia |
| 15:03 | Create | Villager (Male) |
| 15:23 | Create | Militia |
| 15:27 | Create | Villager (Male) |
| 16:11 | Create | Militia |
| 16:25 | Create | Militia |
| 16:25 | Create | Militia |
| 16:34 | Build | Stable |
| 16:37 | Build | House |
| 18:15 | Create | Villager (Male) |
| 18:15 | Create | Villager (Male) |
| 18:43 | Create | Villager (Male) |
| 19:27 | Build | House |
| 19:28 | Build | House |
| 19:28 | Build | House |
| 19:29 | Build | House |
| 19:29 | Build | House |
| 19:29 | Build | House |
| 19:35 | Build | Market |
| 19:41 | Build | Blacksmith |
| 19:45 | Create | Villager (Male) |
| 19:45 | Create | Villager (Male) |
| 19:52 | Build | Farm |
| 19:52 | Build | Farm |
| 19:52 | Build | Farm |
| 19:55 | Research | Horse Collar |
| 20:21 | Create | Scout Cavalry |
| 21:24 | Research | Castle Age |
| 21:24 | Research | Castle Age |
| 21:24 | Research | Castle Age |
| 23:04 | Build | Mining Camp |
| 24:04 | Age | Castle Age |
| 24:22 | Create | Knight |
| 24:33 | Create | Villager (Male) |
| 24:34 | Create | Villager (Male) |
| 24:49 | Build | Town Center |
| 24:56 | Create | Villager (Male) |
| 25:14 | Create | Knight |
| 25:29 | Build | Siege Workshop |
| 25:45 | Build | Siege Workshop |
| 25:54 | Build | Siege Workshop |
| 25:57 | Create | Villager (Male) |
| 25:58 | Create | Villager (Male) |
| 25:58 | Create | Villager (Male) |
| 25:59 | Create | Villager (Male) |
| 25:59 | Create | Villager (Male) |
| 25:59 | Create | Villager (Male) |
| 26:00 | Create | Villager (Male) |
| 26:00 | Create | Villager (Male) |
| 26:04 | Create | Villager (Male) |
| 26:04 | Create | Villager (Male) |
| 26:04 | Create | Villager (Male) |
| 26:30 | Research | Town Watch |
| 26:31 | Create | Villager (Male) |
| 26:31 | Create | Villager (Male) |
| 26:41 | Build | Monastery |
| 26:49 | Create | Battering Ram |
| 26:55 | Create | Villager (Male) |
| 27:02 | Build | Mining Camp |
| 27:13 | Build | Farm |
| 27:13 | Build | Farm |
| 27:22 | Create | Villager (Male) |
| 27:23 | Create | Villager (Male) |
| 28:18 | Build | Farm |
| 28:18 | Build | Farm |
| 28:21 | Create | Villager (Male) |
| 28:22 | Create | Villager (Male) |
| 28:22 | Create | Villager (Male) |
| 28:27 | Build | Lumber Camp |
| 28:40 | Create | Monk |
| 29:16 | Build | Stone Wall |
| 29:22 | Research | Town Patrol |
| 29:23 | Create | Villager (Male) |
| 29:37 | Create | Knight |
| 29:50 | Build | Town Center |
| 29:56 | Create | Villager (Male) |
| 29:57 | Create | Villager (Male) |
| 30:07 | Create | Mangonel |
| 30:45 | Research | Pikeman (upgrade) |
| 31:09 | Create | Knight |
| 31:57 | Create | Knight |
| 31:58 | Research | Bloodlines |
| 32:17 | Create | Villager (Male) |
Match timeline
| 8:41 | Omer-> · wall_segment Palisade Wall x1 |
| 9:04 | Omer-> · wall_segment Palisade Wall x2 |
| 9:35 | Omer-> · wall_segment Palisade Wall x3 |
| 9:35 | 富裕心 · wall_segment Palisade Wall x13 |
| 9:37 | 富裕心 · wall_segment Palisade Wall x1 |
| 9:41 | Omer-> · wall_segment Palisade Wall x2 |
| 9:52 | Xquis · first_building Barracks |
| 9:53 | Omer-> · age_up feudal |
| 9:53 | 富裕心 · wall_segment Palisade Wall x8 |
| 9:56 | Omer-> · wall_segment Palisade Wall x2 |
| 10:05 | 富裕心 · wall_segment Palisade Wall x5 |
| 10:15 | Xquis · age_up feudal |
| 10:24 | 富裕心 · wall_segment Palisade Wall x4 |
| 10:36 | Omer-> · first_building Barracks |
| 10:56 | 富裕心 · age_up feudal |
| 12:06 | 富裕心 · wall_segment Palisade Wall x8 |
| 12:11 | FOXY_KING49 · first_building Barracks |
| 12:57 | 富裕心 · wall_segment Palisade Wall x3 |
| 13:08 | 富裕心 · wall_segment Palisade Wall x11 |
| 13:11 | 富裕心 · wall_segment Palisade Wall x1 |
| 13:16 | 富裕心 · wall_segment Palisade Wall x7 |
| 14:07 | FOXY_KING49 · age_up feudal |
| 14:12 | FOXY_KING49 · wall_segment Stone Wall x14 |
| 14:23 | FOXY_KING49 · wall_segment Stone Wall x10 |
| 14:24 | Xquis · first_building Stable |
| 14:41 | FOXY_KING49 · wall_segment Stone Wall x6 |
| 14:49 | Xquis · first_market_sell 100 food |
| 15:09 | 富裕心 · first_building Barracks |
| 15:18 | FOXY_KING49 · wall_segment Stone Wall x7 |
| 15:50 | FOXY_KING49 · wall_segment Stone Wall x13 |
| 16:11 | FOXY_KING49 · first_building Archery Range |
| 16:22 | FOXY_KING49 · wall_segment Stone Wall x8 |
| 16:34 | Omer-> · first_building Stable |
| 17:12 | Xquis · wall_segment Palisade Wall x8 |
| 17:19 | Xquis · wall_segment Palisade Wall x1 |
| 17:35 | FOXY_KING49 · wall_segment Stone Wall x3 |
| 17:47 | 富裕心 · wall_segment Palisade Wall x1 |
| 17:52 | FOXY_KING49 · wall_segment Stone Wall x6 |
| 17:59 | Xquis · age_up castle |
| 18:05 | Xquis · first_building Dock |
| 18:28 | FOXY_KING49 · wall_segment Stone Wall x20 |
| 18:40 | Xquis · wall_segment Palisade Wall x2 |
| 19:07 | 富裕心 · wall_segment Palisade Wall x2 |
| 19:40 | FOXY_KING49 · wall_segment Stone Wall x12 |
| 20:10 | 富裕心 · wall_segment Palisade Wall x1 |
| 20:12 | 富裕心 · wall_segment Palisade Wall x1 |
| 20:47 | Omer-> · first_market_sell 100 wood |
| 20:48 | Omer-> · first_market_buy 100 food |
| 22:07 | 富裕心 · first_building Archery Range |
| 22:33 | Xquis · first_building Castle |
| 23:41 | Xquis · wall_segment Palisade Wall x2 |
| 24:04 | Omer-> · age_up castle |
| 24:20 | 富裕心 · wall_segment Palisade Wall x1 |
| 25:01 | 富裕心 · age_up castle |
| 25:03 | 富裕心 · first_building Castle |
| 25:18 | 富裕心 · wall_segment Palisade Wall x1 |
| 25:20 | 富裕心 · wall_segment Palisade Wall x4 |
| 25:27 | 富裕心 · wall_segment Stone Wall x6 |
| 25:27 | Xquis · first_building Siege Workshop |
| 25:29 | Omer-> · first_building Siege Workshop |
| 25:47 | 富裕心 · first_building Siege Workshop |
| 25:58 | 富裕心 · first_market_buy 100 stone |
| 26:24 | Xquis · first_building Monastery |
| 26:41 | Omer-> · first_building Monastery |
| 27:20 | 富裕心 · wall_segment Palisade Wall x8 |
| 28:53 | 富裕心 · wall_segment Stone Wall x1 |
| 29:16 | Omer-> · wall_segment Stone Wall x1 |
| 29:46 | 富裕心 · wall_segment Stone Wall x1 |
| 29:49 | 富裕心 · wall_segment Stone Wall x1 |
| 30:09 | FOXY_KING49 · age_up castle |
| 30:25 | 富裕心 · wall_segment Stone Wall x1 |
| 30:56 | 富裕心 · wall_segment Palisade Wall x1 |
| 32:44 | 富裕心 · first_building Monastery |
| 33:01 | Omer-> · first_building Castle |
| 33:33 | 富裕心 · wall_segment Palisade Wall x2 |
| 33:40 | FOXY_KING49 · first_building Castle |
| 33:47 | 富裕心 · first_building Stable |
| 34:31 | FOXY_KING49 · resign |
[ AI ANALYSIS · 1 CREDIT ]
What really happened in this match?
Wolo.gg analyzes every decision: build order, eco, micro, common mistakes by bracket. Personalized analysis on WhatsApp or Discord in 30 seconds.
Civ guide
Turks
Perfil
Jugador #18906921